 Dungeon Crawl Stone Soup version 0.25-a0-631-gc915619fb7 (webtiles) character file.

Game seed: 16032518305176005213, levelgen mode: deterministic

33 Murk the Conjurer (level 3, 0/24 HPs)
             Began as a Human Conjurer on Mar 18, 2020.
             Slain by Jessica
             ... wielding a +0 club
              (5 damage)
             ... on level 3 of the Dungeon.
             The game lasted 00:21:18 (2344 turns).

Murk the Conjurer (Human Conjurer)                  Turns: 2344, Time: 00:21:19

Health: 0/24       AC:  3    Str:  8    XL:     3   Next: 47%
Magic:  6/6        EV: 12    Int: 16    God:
Gold:   193        SH:  0    Dex: 13    Spells: 5/6 levels left

rFire    + . .     SeeInvis .   y - +0 short sword
rCold    + . .     Gourm    .   (no shield)
rNeg     . . .     Faith    .   a - +0 robe
rPois    +         Spirit   .   (no helmet)
rElec    +         Reflect  .   (no cloak)
rCorr    +         Harm     .   (no gloves)
MR       .....                  r - +0 pair of boots
Stlth    ++........             (no amulet)
HPRegen  0.08/turn              (no ring)
MPRegen  0.10/turn              (no ring)

@: resistant, slowed, very slow
A: no striking features
a: no special abilities


You were on level 3 of the Dungeon.
You were not hungry.

You visited 1 branch of the dungeon, and saw 3 of its levels.

You collected 193 gold pieces.

Inventory:

Hand Weapons
 g - a +0 whip
 j - a +0 hunting sling
 m - a +0 spear
 o - a +0 hand axe
 p - a +0 dagger
 q - a +0 short sword
 u - a +0 hunting sling
 x - a +0 club
 y - a +0 short sword (weapon)
 z - a +0 dagger
 F - a +0 whip
 I - a +0 club
Missiles
 b - 2 javelins (quivered)
 e - 61 stones
 t - 4 large rocks
 D - 16 bolts
Armour
 a - a +0 robe (worn)
 r - a +0 pair of boots (worn)
 s - a +0 chain mail
 B - a +0 leather armour
 C - a +0 robe
 E - a +0 ring mail
Jewellery
 f - an uncursed ring of poison resistance {unknown}
 i - a cursed ring of attention {unknown}
Wands
 G - a wand of iceblast (5)
Scrolls
 k - 2 scrolls of amnesia {unknown}
 l - a scroll of teleportation {unknown}
 n - 3 scrolls of identify {unknown}
 A - a scroll of fog {unknown}
 H - a scroll of magic mapping {unknown}
Potions
 h - a potion of magic {unknown}
 v - 3 potions of might {unknown}
 w - a potion of curing {unknown}
Comestibles
 c - a ration


   Skills:
 + Level 0.7 Throwing
 + Level 2.2 Dodging
 + Level 2.2 Stealth
 + Level 2.0 Spellcasting
 + Level 4.6 Conjurations


You had 5 spell levels left.
You knew the following spells:

 Your Spells              Type           Power        Failure   Level  Hunger
a - Magic Dart            Conj           ###.         3%          1    #......

Your spell library contained the following spells:

 Spells                   Type           Power        Failure   Level  Hunger
 Searing Ray              Conj           ###...       4%          2    ###....
 Dazzling Flash           Conj/Hex       #.....       24%         3    ###....
 Fulminant Prism          Conj/Hex       #.........   63%         4    #####..
 Iskenderun's Mystic Bla  Conj/Tloc      #.......     63%         4    #####..


Dungeon Overview and Level Annotations

Branches:
Dungeon (3/15)

Altars:
Makhleb
Vehumet

Annotations:
D:3 Jessica


Message History

Aim: Jessica, wielding a +0 club and wearing a +0 robe (moderately wounded) That beam is likely to hit you.
Continue anyway?
Okay, then.
Jessica casts a spell at you. Pain shoots through your body!
You closely miss Jessica.
Jessica is moderately wounded.
Jessica misses you.
You hit Jessica but do no damage.
Jessica is moderately wounded.
Jessica hits you with a +0 club. x2
You barely miss Jessica.
Jessica is moderately wounded.
Jessica points at you and mumbles some strange words.
Pain shoots through your body!
* * * LOW HITPOINT WARNING * * *
It was a potion of resistance.
You feel protected. Jessica hits you but does no damage.
Jessica hits you with a +0 club.
You die...

#.#.# #. #####
#.#.# #
#.....#...#.#
#...#.#.#.#####
#..............
#.#.#.#.#.####.
#.#.#.#.# #
#.#.#.#
#@#.#.####
#@#......#
#.####.#.# #.#
#.# # #.#
#.#.######
#.####.#.#....#
#.#......#.##.#
#.#.##.###.##.#
#(#.##.....##.#


You could see Jessica.

Vanquished Creatures
  A worm (D:3)
  A dart slug (D:1)
  4 bats
  A giant cockroach (D:1)
  3 goblins
  3 hobgoblins
  3 jackals (D:2)
  4 kobolds
  A ball python (D:1)
  2 frilled lizards
  4 rats (D:2)
27 creatures vanquished.

Notes
Turn   | Place    | Note
-------+----------+-------------------------------------------
     0 | D:1      | Murk the Human Conjurer began the quest for the Orb.
     0 | D:1      | Reached XP level 1. HP: 13/13 MP: 3/3
   343 | D:1      | Reached XP level 2. HP: 18/19 MP: 5/5
  1440 | D:2      | Reached XP level 3. HP: 24/24 MP: 6/6
  1785 | D:2      | Found a radiant altar of Vehumet.
  1789 | D:2      | Found a burning altar of Makhleb.
  2334 | D:3      | Noticed Jessica
  2344 | D:3      | Slain by Jessica

Levels and vault maps discovered:
D:1:      sevenhm_arrival_forest_fort_large_2, layout_basic
D:2:      layout_basic, minitemple
D:3:      layout_basic, uniq_grinder, uniq_jessica

Action                   || total
-------------------------++-------
Melee: Whip              ||    10
       Unarmed           ||     1
       Hand axe          ||     4
       Short sword       ||    18
Throw: Javelin           ||    47
 Cast: Magic Dart        ||    14
  Use: Potion            ||     1
  Eat: Chunk             ||     2
       Ration            ||     1
Armor: Robe              ||    11
Dodge: Dodged            ||    33

Table legend:
 A = Non-vault XP
 B = Vault XP
 C = Vault XP percentage of total XP
 D = Non-vault monster count
 E = Vault monster count
 F = Vault count percentage of total count
                 A         B        C        D         E       F
            +---------+---------+-------+---------+---------+-------
      Total |      48 |       0 |   0.0 |      27 |       0 |   0.0
            +---------+---------+-------+---------+---------+-------
        D:1 |      21 |       0 |   0.0 |      12 |       0 |   0.0
        D:2 |      20 |       0 |   0.0 |      13 |       0 |   0.0
        D:3 |       7 |       0 |   0.0 |       2 |       0 |   0.0
            +---------+---------+-------+---------+---------+-------
